 Dungeon Crawl Stone Soup version 0.20.2-3-g29329e0561 (webtiles) character file.

54 Alfie the Skirmisher (level 3, -1/33 HPs)
             Began as a Hill Orc Fighter on Jan 24, 2023.
             Slain by a phantom (2 damage)
             ... on level 3 of the Dungeon.
             The game lasted 00:06:03 (1631 turns).

Alfie the Skirmisher (Hill Orc Fighter)             Turns: 1631, Time: 00:06:04

Health: -1/33      AC:  6    Str: 17    XL:     3   Next: 91%
Magic:  3/3        EV:  7    Int:  8    God:
Gold:   128        SH:  9    Dex: 10    Spells: 2/2 levels left

rFire    + . .     SeeInvis .   a - +0 rapier
rCold    . . .     Gourm    .   c - +0 shield
rNeg     . . .     Faith    .   b - +0 scale mail
rPois    .         Spirit   .   (no helmet)
rElec    .         Reflect  .   (no cloak)
rCorr    .         Harm     .   (no gloves)
MR       .....                  (no boots)
Stlth    ..........             (no amulet)
Regen    0.2/turn               (no ring)
MPRegen  0.1/turn               (no ring)

@: no status effects
A: fire resistance 1, weak 1, evolution 1
a: no special abilities


You were on level 3 of the Dungeon.
You were not hungry.

You visited 1 branch of the dungeon, and saw 3 of its levels.

You collected 128 gold pieces.

Inventory:

Hand Weapons
 a - a +0 rapier (weapon)
Missiles
 s - a tomahawk (quivered)
Armour
 b - a +0 scale mail (worn)
 c - a +0 shield (worn)
Jewellery
 n - an uncursed amulet of guardian spirit {unknown}
Scrolls
 e - a scroll of enchant weapon {unknown}
 g - a scroll of fear
 h - 2 scrolls of blinking
 j - 2 scrolls of identify {unknown}
 o - a scroll of teleportation
Potions
 d - a potion of might
 i - a potion of degeneration {unknown}
 k - a potion of magic {unknown}
 l - a potion of resistance
 m - a potion of lignification {unknown}
 p - a potion of flight {unknown}
 r - 2 potions of mutation
Comestibles
 f - a bread ration


   Skills:
 + Level 4.0 Fighting
 + Level 2.5 Short Blades
 + Level 0.6 Throwing
 + Level 3.6 Armour
 + Level 4.0 Shields


You had 2 spell levels left.
You didn't know any spells.

Dungeon Overview and Level Annotations

Branches:
Dungeon (3/15)

Altars:
Dithmenos
Elyvilon
Hepliaklqana
Uskayaw


Innate Abilities, Weirdness & Mutations

Your flesh is heat resistant. (rF+)
You are weak. (Str -2)
You evolve.


Message History

The phantom is severely damaged.
The phantom hits you but does no damage.
You hit the phantom.
The phantom is severely damaged.
The phantom hits you.
You closely miss the phantom.
The phantom is severely damaged.
The phantom closely misses you.
You barely miss the phantom.
The phantom is severely damaged.
The phantom hits you.
* * * LOW HITPOINT WARNING * * *
You hit the phantom.
The phantom is almost destroyed.
The phantom hits you!
* * * LOW HITPOINT WARNING * * *
You barely miss the phantom.
The phantom is almost destroyed.
The phantom hits you.
You die...

##########.#
#.....(.((.#
#W##########
#@# #.# #.#
#.# #.# #.#
#.# #<# #.#


You could see a phantom.

Vanquished Creatures
  3 adders (D:2)
  2 leopard geckos (D:1)
  6 bats
  A giant cockroach (D:2)
  A hobgoblin (D:1)
  3 frilled lizards
  5 goblins
  5 kobolds
  4 rats
  2 bushes (D:1)
32 creatures vanquished.

Notes
Turn   | Place    | Note
-------+----------+-------------------------------------------
     0 | D:1      | Alfie the Hill Orc Fighter began the quest for the Orb.
     0 | D:1      | Reached XP level 1. HP: 19/19 MP: 1/1
   305 | D:1      | Reached XP level 2. HP: 27/27 MP: 2/2
   894 | D:2      | Reached XP level 3. HP: 33/33 MP: 3/3
  1004 | D:2      | Found a faded altar of an unknown god.
  1034 | D:2      | Found a white marble altar of Elyvilon.
  1124 | D:2      | Found a hazy altar of Hepliaklqana.
  1360 | D:2      | Found a hide-covered altar of Uskayaw.
  1361 | D:2      | Found a shadowy altar of Dithmenos.
  1586 | D:3      | Noticed a phantom
  1616 | D:3      | Gained mutation: You are weak. (Str -2) [potion of mutation]
  1616 | D:3      | Gained mutation: Your flesh is heat resistant. (rF+) [potion of mutation]
  1616 | D:3      | Gained mutation: You evolve. [potion of mutation]
  1630 | D:3      | HP: 1/33 [phantom (8)]
  1631 | D:3      | Slain by a phantom

Skill      XL: |  1  2  3 |
---------------+----------+-----
Shields        | 4 |  4.0
Fighting       | 4 |  4.0
Short Blades   | |  2.5
Throwing       | |  0.6
Armour         | |  3.6

Action                   || total
-------------------------++-------
Melee: Rapier            ||   355
Throw: Tomahawk          ||    28
  Use: Potion            ||     4
       Scroll            ||     3
  Eat: Royal jelly       ||     2
Armor: Scale mail        ||    43
Dodge: Dodged            ||    31
Block: Shield            ||    54
